 Dungeon Crawl Stone Soup version 0.31.0-9-g3a7656b989 (webtiles) character file.

Game seed: 6362429374788995313

123 qw the Shooter (level 4, -3/22 HPs)
             Began as a Spriggan Hunter on Feb 2, 2024.
             Killed from afar by Ijyb (13 damage)
             ... with a puff of flame
             ... on level 3 of the Dungeon.
             The game lasted 00:00:06 (1698 turns).

qw the Shooter (Spriggan Hunter)                    Turns: 1698, Time: 00:00:06

Health: -3/22      AC:  2    Str:  7    XL:     4   Next: 79%
Magic:  5/5        EV: 20    Int: 10    God:
Gold:   135        SH:  0    Dex: 20    Spells: 3/3 levels left

rFire   . . .        a - +1 shortbow
rCold   . . .        (shield currently unavailable)
rNeg    + + .        c - +0 robe
rPois   .            (helmet restricted)
rElec   .            (no cloak)
rCorr   .            (gloves unavailable)
SInv    +            (boots unavailable)
Will    .....        (no amulet)
Stlth   ++           e - ring of positive energy
HPRegen 0.23/turn    h - ring of positive energy
MPRegen 0.09/turn

%: no passive effects
@: very quick
A: very small, no large weapons, unfitting armour, see invisible, speed 3
a: no special abilities


You were on level 3 of the Dungeon.
You visited 1 branch of the dungeon, and saw 3 of its levels.

You collected 135 gold pieces.


Innate Abilities, Weirdness & Mutations

You are very small and have problems with some larger weapons.
You are too small for most types of armour.
You have supernaturally acute eyesight. (SInv)
You cover ground extremely quickly. (Speed+++)


   Skills:
 + Level 1.5 Fighting
 - Level 5.3 Ranged Weapons
 - Level 5.0 Dodging
 - Level 1.5 Stealth


You had 3 spell levels left.
You didn't know any spells.
Your spell library was empty.

Inventory:

Hand Weapons
 a - a +1 shortbow (weapon)
Armour
 c - a +0 robe (worn)
Jewellery
 e - a ring of positive energy (left hand)
 h - a ring of positive energy (right hand)
Wands
 j - a wand of flame (9)
Scrolls
 b - 2 scrolls of teleportation
 k - a scroll of enchant armour
 l - 2 scrolls of identify
 o - a scroll of silence {unknown}
Potions
 d - a potion of heal wounds
 f - a potion of magic {unknown}
 g - a potion of haste {unknown}
 i - 2 potions of curing
 m - a potion of enlightenment {unknown}
 n - 2 potions of invisibility {unknown}
 p - a potion of might {unknown}

Dungeon Overview and Level Annotations

Branches:
Dungeon (3/15)

Altars:

Annotations:
D:3 Ijyb


Message History

Found a stone staircase leading up.
Enter note:
Enter note:
Enter note: A giant cockroach comes into view.
You shoot an arrow.
The arrow closely misses the giant cockroach.
You shoot an arrow. The arrow hits the giant cockroach.
The giant cockroach is almost dead.
You shoot an arrow. The arrow hits the giant cockroach.
You kill the giant cockroach!
A ball python comes into view.
There is a stone staircase leading up here.
You shoot an arrow. The arrow hits the ball python.
You kill the ball python!
Your Dodging skill increases to level 5!
You now have 135 gold pieces (gained 7).
Found a stone staircase leading down.
Ijyb the Twisted Goblin comes into view.
She is wielding a +0 club and carrying a wand of flame.
There is a stone staircase leading down here.
You shoot an arrow. The arrow hits Ijyb but does no damage.
You shoot an arrow. The arrow closely misses Ijyb.
You shoot an arrow. The arrow closely misses Ijyb.
Ijyb barely misses you.
You shoot an arrow. The arrow hits Ijyb but does no damage.
Ijyb hits you but does no damage.
Ijyb zaps a wand.
The puff of flame misses you.
You shoot an arrow. The arrow hits Ijyb!
Ijyb is moderately wounded.
Ijyb zaps a wand.
The puff of flame hits you!
You shoot an arrow. The arrow hits Ijyb.
Ijyb is moderately wounded.
Ijyb misses you.
You shoot an arrow. The arrow hits Ijyb but does no damage.
Ijyb is moderately wounded.
Ijyb hits you with a +0 club.
You shoot an arrow. The arrow closely misses Ijyb.
Ijyb zaps a wand.
The puff of flame hits you!
Ouch! That really hurt!
You die...

##......# #.# ...
...#.#. #.# .#.#
#...... ##.#.....
#..#.#.######.....#.#
##...%......%.........
...#.###...<........#
#.#.#.###.##.##.#.##.#
#...g.....##.####... .
#####@######.# ####
#.# #.# #.. ..# ####
###


You could see Ijyb.

Vanquished Creatures
  An orc priest (D:3)
  Jessica (D:3)
  2 adders (D:2)
  A ribbon worm (D:3)
  3 orcs (D:3)
  2 ball pythons
  2 endoplasms
  3 giant cockroaches
  3 goblins
  7 hobgoblins
  4 jackals
  5 kobolds
  3 quokkas (D:1)
  2 frilled lizards
  2 rats
41 creatures vanquished.

Notes
Turn   | Place    | Note
-------+----------+-------------------------------------------
     0 | D:1      | qw the Spriggan Hunter began the quest for the Orb.
     0 | D:1      | Reached XP level 1. HP: 10/10 MP: 2/2
     0 | D:1      | 0 ||| qw: Version: 0.3-a-155-g5e7d8dd
     0 | D:1      | 0 ||| qw: Game counter: 96
     0 | D:1      | 0 ||| qw: Melee chars always use a shield: true
     0 | D:1      | 0 ||| qw: God list: Okawaru
     0 | D:1      | 0 ||| qw: Allow faded altars: false
     0 | D:1      | 0 ||| qw: Do Orc after clearing Dungeon:15 true
     0 | D:1      | 0 ||| qw: Do second Lair branch before Depths: true
     0 | D:1      | 0 ||| qw: Lair rune preference: random
     0 | D:1      | 0 ||| qw: Goals: Normal
     0 | D:1      | 0 ||| PLANNING D:1-11
    65 | D:1      | Reached skill level 3 in Dodging
   251 | D:1      | Reached XP level 2. HP: 14/14 MP: 3/3
   594 | D:1      | 594 ||| UPGRADING to ring of positive energy.
   595 | D:1      | 595 ||| UPGRADING to ring of positive energy.
   596 | D:1      | 596 ||| READING scroll labelled NIGOGE JUONTOI.
   596 | D:1      | 596 ||| ENCHANTING +0 shortbow.
   597 | D:1      | 597 ||| DROPPING scroll of butterflies.
   714 | D:2      | Identified the +2 dagger of Mayhem {pain, rF+ rC+++ Str-4}
   769 | D:2      | Reached XP level 3. HP: 17/18 MP: 4/4
  1222 | D:2      | 1222 ||| DROPPING ring of wizardry.
  1223 | D:2      | 1223 ||| READING 2 scrolls labelled MUYNOU NUEXEL.
  1226 | D:2      | 1226 ||| READING scroll labelled JACEPR VOEGUKLE.
  1226 | D:2      | 1226 ||| ENCHANTING +0 shortbow.
  1227 | D:2      | 1227 ||| READING scroll labelled XECUQE WIYMNIPH.
  1228 | D:2      | 1228 ||| READING scroll labelled YKHLYZ UTONE.
  1228 | D:2      | 1228 ||| IDENTIFYING bubbling pink potion
  1229 | D:2      | 1229 ||| DRINKING 2 clear potions.
  1399 | D:3      | Reached XP level 4. HP: 22/22 MP: 5/5
  1428 | D:3      | Noticed Jessica
  1434 | D:3      | Killed Jessica
  1690 | D:3      | Noticed Ijyb
  1698 | D:3      | Killed from afar by Ijyb

Levels and vault maps discovered:
D:1:      giann_forest_graveyard, layout_basic
D:2:      layout_basic
D:3:      layout_loops_corners, serial_glass, glass_columns_b, glass_columns_a,
          glass_columns_a, glass_columns_b, glass_columns_b, glass_columns_c,
          glass_columns_a, glass_columns_b, glass_columns_a, glass_columns_c,
          minmay_misc_feat_tiny, chequers_serial_rivers_small_3, uniq_jessica,
          uniq_ijyb

Skill      XL: |  1  2  3  4 |
---------------+-------------+-----
Dodging        | 3 4 5 |  5.0
Ranged Weapons | 5 |  5.3
Fighting       | |  1.5
Stealth        | |  1.5

Action                     |  1- 3 |  4- 6 || total
---------------------------+-------+-------++-------
   Fire: Shortbow          |    79 |    37 ||   116
    Use: Scroll            |     5 |       ||     5
         Potion            |     1 |       ||     1
 Armour: Robe              |     6 |     6 ||    12
  Dodge: Dodged            |    21 |    12 ||    33

Table legend:
 A = Non-vault XP
 B = Vault XP
 C = Vault XP percentage of total XP
 D = Non-vault monster count
 E = Vault monster count
 F = Vault count percentage of total count
                 A         B        C        D         E       F
            +---------+---------+-------+---------+---------+-------
      Total |     139 |      37 |  21.0 |      40 |       1 |   2.4
            +---------+---------+-------+---------+---------+-------
        D:1 |      22 |       0 |   0.0 |      12 |       0 |   0.0
        D:2 |      48 |       0 |   0.0 |      14 |       0 |   0.0
        D:3 |      69 |      37 |  34.9 |      14 |       1 |   6.7
            +---------+---------+-------+---------+---------+-------
